AoeStats
← MadEvilTimes

Arena

510556924Analyzed
4v4 RM · 16h ago on Oct 1, 2026· 57m 12s· 8 players
Game mode
Random Map
Map size
Large (8 player)
Population
200
Speed
Normal
Resources
Standard
Victory
Conquest
Starting age
Dark Age
Ending age
Imperial Age
RankedLock teamsTeams togetherTeam positionsShared explorationLock speedFull tech treeHidden civsTurbo modeCheats
Victory
Defeat
🇮🇹 Bohemians · Italy
1519
+14
🇹🇷 Byzantines · Türkiye
1511
+14
🇩🇪 Berbers · Germany
1507
+14
🇹🇷 Turks · Türkiye
1469
+16
🇮🇹 Lithuanians · Italy
1529
-17
🇮🇹 Varangians · Italy
1461
-14
🇮🇹 Italians · Italy
1446
-14
1440
-13
tokmakbaba
11:35 Feudal Age
12:42 Double-Bit Axe
13:29 Gold Mining
15:48 Castle Age
17:03 Loom
20:05 Imperial Age
19:00 Horse Collar
19:56 Bow Saw
25:11 Fortified Wall
25:17 Stone Mining
29:21 Wheelbarrow
31:43 Padded Archer Armor
34:12 Two-Man Saw
33:47 Leather Archer Armor
34:39 Heavy Plow
36:04 Ring Archer Armor
36:40 Hand Cart
36:10 Town Watch
40:01 Conscription
41:16 Coinage
42:33 Artillery
44:24 Scale Barding Armor
44:29 Forging
45:32 Bloodlines
45:22 Husbandry
45:43 Chain Barding Armor
45:39 Treadmill Crane
47:37 Plate Barding Armor
47:38 Iron Casting
50:53 Fletching
52:07 Blast Furnace
53:52 Masonry
54:30 Caravan
MadEvilTimes
10:36 Feudal Age
11:47 Double-Bit Axe
11:52 Horse Collar
14:27 Castle Age
15:16 Heavy Plow
15:27 Bow Saw
19:05 Loom
21:35 Wheelbarrow
21:41 Gold Mining
23:45 Hand Cart
23:52 Hand Cart
27:45 Imperial Age
25:52 Scale Barding Armor
25:57 Forging
26:00 Husbandry
26:12 Bloodlines
25:54 Light Cavalry
27:18 Chain Barding Armor
28:01 Cavalier
29:42 Plate Barding Armor
30:01 Gold Shaft Mining
30:29 Iron Casting
30:12 Heavy Camel Rider
31:38 Conscription
31:03 Hussar
34:10 Blast Furnace
35:44 Fletching
39:09 Bodkin Arrow
39:15 Padded Archer Armor
40:18 Chemistry
39:42 Ballistics
39:49 Maghrebi Camels
39:54 Kasbah
40:19 Bracer
40:40 Elite Camel Archer
42:53 Hoardings
43:55 Leather Archer Armor
45:27 Thumb Ring
45:57 Ring Archer Armor
48:47 Town Watch
TaçsızKral
12:12 Feudal Age
15:49 Castle Age
13:43 Double-Bit Axe
16:17 Scale Mail Armor
17:50 Squires
18:20 Bow Saw
18:56 Pikeman
21:35 Chain Mail Armor
21:42 Gambesons
23:57 Forging
24:05 Horse Collar
29:24 Iron Casting
31:39 Heavy Plow
34:26 Fletching
36:27 Wheelbarrow
35:42 Loom
41:04 Imperial Age
41:07 Halberdier
41:54 Padded Archer Armor
42:26 Plate Mail Armor
42:56 Conscription
43:58 Arson
47:06 Scale Barding Armor
46:25 Elite Cataphract
50:10 Chain Barding Armor
50:31 Gold Mining
51:51 Plate Barding Armor
52:54 Fortified Wall
53:28 Caravan
56:51 Two-Man Saw
Lupo
11:03 Feudal Age
15:22 Castle Age
13:19 Horse Collar
20:14 Loom
23:49 Wagenburg Tactics
42:19 Town Watch
49:51 Imperial Age
49:58 Imperial Age
48:37 Heavy Plow
48:24 Double-Bit Axe
51:01 Conscription
52:11 Wheelbarrow
51:52 Bow Saw
54:13 Chemistry
54:33 Two-Man Saw
54:30 Guilds
54:47 Caravan
ITA | Dante
11:05 Feudal Age
12:39 Double-Bit Axe
12:35 Horse Collar
15:17 Castle Age
16:46 Bow Saw
20:10 Wheelbarrow
20:38 Heavy Plow
21:11 Loom
22:23 Hand Cart
22:13 Stone Mining
22:49 Gold Mining
28:11 Imperial Age
26:16 Bloodlines
26:06 Husbandry
25:29 Pikeman
26:09 Squires
27:44 Forging
27:39 Scale Barding Armor
29:12 Iron Casting
28:52 Scale Mail Armor
29:39 Conscription
29:58 Chain Barding Armor
29:51 Halberdier
30:32 Squires
30:48 Murder Holes
31:15 Ballistics
31:35 Cavalier
33:30 Plate Barding Armor
33:47 Chain Mail Armor
35:28 Light Cavalry
36:21 Fletching
36:16 Winged Hussar
48:58 Fortified Wall
54:55 Crop Rotation
55:28 Two-Man Saw
55:41 Stone Shaft Mining
ITA | CivettaAviotrasportata
10:37 Feudal Age
14:57 Castle Age
12:46 Double-Bit Axe
16:14 Bow Saw
16:16 Horse Collar
16:31 Gold Mining
21:17 Loom
23:04 Scale Mail Armor
24:13 Forging
25:15 Squires
25:16 Arson
26:55 Chain Mail Armor
29:57 Iron Casting
31:34 Wheelbarrow
32:33 Town Watch
38:56 Imperial Age
38:53 Hand Cart
40:16 Plate Mail Armor
41:49 Fletching
43:00 Blast Furnace
44:47 Gold Shaft Mining
44:15 Heavy Plow
46:10 Gambesons
48:50 Masonry
49:04 Elite Varangian Guard
51:55 Thumb Ring
51:59 Elite Skirmisher
53:50 Padded Archer Armor
53:49 Bodkin Arrow
53:58 Man-at-Arms
54:40 Pikeman
ITA | Frades89
10:56 Feudal Age
12:05 Double-Bit Axe
14:48 Castle Age
14:00 Horse Collar
19:20 Bow Saw
22:31 Wheelbarrow
23:19 Loom
23:46 Scale Barding Armor
23:53 Bloodlines
24:10 Husbandry
25:10 Chain Barding Armor
25:36 Gold Mining
26:53 Forging
27:22 Stone Mining
30:36 Iron Casting
29:33 Vendel Legacy
32:51 Imperial Age
33:15 Cavalier
34:57 Plate Barding Armor
35:59 Heavy Plow
37:27 Blast Furnace
37:12 Elite Jarl
38:53 Conscription
44:05 Chemistry
43:26 Ballistics
48:07 Hand Cart
47:39 Town Watch
52:40 Light Cavalry
53:50 Masonry
53:59 Hussar
Monesi28
10:06 Feudal Age
10:20 Feudal Age
12:29 Loom
15:08 Castle Age
13:20 Double-Bit Axe
14:21 Horse Collar
16:11 Bow Saw
16:10 Town Watch
16:46 Gold Mining
17:12 Heavy Plow
22:25 Wheelbarrow
29:15 Fortified Wall
29:16 Stone Mining
33:28 Imperial Age
31:30 Fletching
31:41 Padded Archer Armor
32:18 Pikeman
32:59 Squires
33:00 Scale Mail Armor
33:10 Forging
34:07 Bodkin Arrow
36:42 Masonry
38:19 Chemistry
38:09 Forging
39:10 Chain Mail Armor
40:57 Bracer
42:42 Conscription
45:10 Plate Mail Armor
45:25 Architecture
47:16 Hoardings
48:28 Two-Man Saw
48:30 Elite Skirmisher
50:26 Capped Ram
Connection lost

Rejoining the realm…

Still unreachable

The connection could not be restored.

Session expired

The server has moved on; the page needs a fresh start.